 Dungeon Crawl Stone Soup version 0.28.0-43-g3370ac3207 (webtiles) character file.

Game seed: 8086634969514476868

5714 DearestLeader the Severer (level 10, -4/92 HPs)
             Began as a Minotaur Fighter on Mar 21, 2022.
             Slain by a freezing wraith (7 damage)
             ... led by a death knight
             ... on level 9 of the Dungeon.
             The game lasted 00:13:13 (8243 turns).

DearestLeader the Severer (Minotaur Fighter)        Turns: 8243, Time: 00:13:13

Health: -4/92      AC: 13    Str: 23    XL:     10   Next: 48%
Magic:  9/9        EV:  8    Int:  7    God:
Gold:   485        SH:  4    Dex: 10    Spells: 9/9 levels left

rFire   . . .      SeeInvis .   G - +1 whip (flame)
rCold   + . .      Faith    .   c - +0 buckler
rNeg    . . .      Spirit   .   K - +2 chain mail {rC+}
rPois   .          Reflect  .   (helmet restricted)
rElec   .          Harm     .   (no cloak)
rCorr   .          Rampage  .   H - +0 pair of gloves
Will    .....                   g - +0 pair of boots
Stlth   ..........              u - amulet of regeneration
HPRegen 1.05/turn               (no ring)
MPRegen 0.11/turn               (no ring)

@: slowed, very slow
A: horns 2, retaliatory headbutt
a: no special abilities


You were on level 9 of the Dungeon.
You visited 2 branches of the dungeon, and saw 10 of its levels.

You collected 485 gold pieces.

Inventory:

Hand Weapons
 a - a +0 war axe
 F - a +1 whip of venom
 G - a +1 whip of flaming (weapon)
Missiles
 n - 2 throwing nets (quivered)
Armour
 c - a +0 buckler (worn)
 g - a +0 pair of boots (worn)
 q - an orb of energy
 H - a +0 pair of gloves (worn)
 K - a +2 chain mail of cold resistance (worn)
Jewellery
 t - a ring of fire
 u - an amulet of regeneration (around neck)
 A - an amulet of magic regeneration
Wands
 o - a wand of polymorph (5)
 p - a wand of charming (6)
 v - a wand of flame (11)
 y - a wand of iceblast (10)
Scrolls
 h - a scroll of fear {unknown}
 l - a scroll of enchant armour {unknown}
 r - a scroll of summoning {unknown}
 w - 2 scrolls of enchant weapon {unknown}
 E - 2 scrolls of blinking
 I - a scroll of amnesia {unknown}
Potions
 d - 3 potions of curing
 e - 2 potions of mutation
 i - a potion of magic {unknown}
 k - a potion of haste {unknown}
 z - a potion of lignification {unknown}
 B - a potion of invisibility {unknown}
 C - 2 potions of might
 J - a potion of berserk rage {unknown}


   Skills:
 + Level 9.6 Fighting
 - Level 16.0 Axes
 + Level 4.3 Armour
 - Level 2.0 Dodging
 - Level 4.0 Shields


You had 9 spell levels left.
You didn't know any spells.
Your spell library contained the following spells:

 Spells                   Type           Power      Damage    Failure   Level
 Slow                     Hex            0%         N/A       99%         1
 Sublimation of Blood     Necr           0%         N/A       100%        2
 Wereblood                Tmut           0%         N/A       100%        2
 Confusing Touch          Hex            0%         N/A       100%        3
 Portal Projectile        Hex/Tloc       0%         N/A       100%        3
 Vampiric Draining        Necr           0%         2d6       100%        3
 Blade Hands              Tmut           0%         N/A       100%        5
 Excruciating Wounds      Necr           0%         N/A       100%        5
 Freezing Cloud           Conj/Ice/Air   0%         6-21      100%        5
 Simulacrum               Ice/Necr       0%         N/A       100%        6
 Summon Hydra             Summ           0%         N/A       100%        7
 Polar Vortex             Ice            0%         N/A       100%        9


Dungeon Overview and Level Annotations

Branches:
Dungeon (9/15)             Temple (1/1) D:7
   Lair: D:8-11         Orc: D:9-12

Altars:
Ashenzari
Cheibriados
Dithmenos
Elyvilon
Fedhas
Gozag
Hepliaklqana
Kikubaaqudgha
Makhleb
Nemelex Xobeh
Qazlal
Ru
Sif Muna
Trog
Uskayaw
Vehumet
Wu Jian
Xom
Yredelemnul
Zin
The Shining One

Shops:
D:5 =


Innate Abilities, Weirdness & Mutations

You have a pair of horns on your head.
You reflexively headbutt those who attack you in melee.


Message History

The freezing wraith hits you. The freezing wraith freezes you! You resist.
The freezing wraith hits you but does no damage.
You hit the freezing wraith but do no damage.
The freezing wraith is severely damaged.
The freezing wraith hits you. The freezing wraith freezes you! You resist.
The freezing wraith hits you but does no damage.
You barely miss the freezing wraith.
The freezing wraith is severely damaged.
The freezing wraith hits you. The freezing wraith freezes you! You resist.
* * * LOW HITPOINT WARNING * * *
The freezing wraith closely misses you.
You barely miss the freezing wraith.
The freezing wraith is severely damaged.
The freezing wraith hits you but does no damage. x2
You hit the freezing wraith. You burn the freezing wraith.
The freezing wraith is severely damaged.
The freezing wraith hits you.
* * * LOW HITPOINT WARNING * * *
The freezing wraith freezes you! You resist.
* * * LOW HITPOINT WARNING * * *
You block the freezing wraith's attack.
You feel much better. The freezing wraith hits you.
The freezing wraith freezes you. You resist. The freezing wraith hits you.
* * * LOW HITPOINT WARNING * * *
The freezing wraith drains your vigour!
You feel as though you will be slow longer.
You barely miss the freezing wraith. You headbutt the freezing wraith!
The freezing wraith is almost destroyed.
The freezing wraith hits you!
* * * LOW HITPOINT WARNING * * *
The freezing wraith freezes you! You resist.
* * * LOW HITPOINT WARNING * * *
The freezing wraith hits you but does no damage.
Blink to where?
Press: ? - help, Dir - move target
As you read the scroll of blinking, it crumbles to dust.
The freezing wraith hits you!
* * * LOW HITPOINT WARNING * * *
The freezing wraith freezes you! You resist.
You die...

#..:........
#...........
#...........
#############...........
............'...........
#############...........
#....(......
####'####### #@# #W#
#.##### ..........
#.D§D.# ...........
#####'# ...........#
#........# ...........#
#.'...W....#
...........#
#.#........#
...........# ..
#.>......#


You could see a freezing wraith and an acid dragon.

Vanquished Creatures
  Pikel (D:8)
  Grinder (D:3)
  Prince Ribbit (D:8)
  A snapping turtle (D:9)
  Sigmund (D:3)
  A wyvern (D:9)
  4 yaks
  Eustachio (D:6)
  A human (D:7)
  2 wraiths (D:8)
  3 hogs (D:7)
  A steam dragon (D:5)
  4 water moccasins
  A black bear (D:4)
  A necrophage (D:5)
  2 ice beasts (D:7)
  2 orc warriors
  4 ogres
  A lemure (D:8)
  A phantom (D:6)
  A gnoll sergeant (D:8)
  2 bullfrogs
  A wyvern zombie (D:6)
  A scorpion (D:5)
  5 killer bees (D:8)
  A howler monkey (D:9)
  A crimson imp (D:8)
  2 centaur zombies
  2 hounds
  2 jellies
  5 orc priests (D:8)
  2 bullfrog skeletons (D:5)
  Jessica (D:3)
  2 iguanas
  2 orc wizards
  A hound skeleton (D:5)
  A howler monkey skeleton (D:4)
  4 adders
  6 gnolls
  2 white imps
  An ufetubus (D:5)
  An adder skeleton (D:4)
  4 worms
  3 dart slugs
  28 orcs
  3 bats
  9 endoplasms
  2 giant cockroaches (D:3)
  3 goblins
  8 hobgoblins
  4 jackals (D:4)
  6 kobolds
  3 quokkas
  5 ball pythons
  2 frilled lizards
  5 rats
165 creatures vanquished.

Vanquished Creatures (others)
  An orc (D:5)
  5 toadstools (D:1)
6 creatures vanquished.

Grand Total: 171 creatures vanquished

Notes
Turn   | Place    | Note
-------+----------+-------------------------------------------
     0 | D:1      | DearestLeader the Minotaur Fighter began the quest for the
                  | Orb.
     0 | D:1      | Reached XP level 1. HP: 19/19 MP: 0/0
   318 | D:1      | Reached XP level 2. HP: 27/27 MP: 1/1
   503 | D:2      | Noticed a golden eye
   509 | D:2      | Noticed a shining eye
   511 | D:2      | Found a faded altar of an unknown god.
   518 | D:2      | Noticed a shining eye
   520 | D:2      | Noticed a golden eye
   597 | D:2      | Reached skill level 3 in Axes
   719 | D:2      | Reached skill level 1 in Dodging
   770 | D:2      | Reached XP level 3. HP: 23/33 MP: 2/2
  1160 | D:3      | Noticed Sigmund
  1721 | D:4      | Reached XP level 4. HP: 40/40 MP: 3/3
  1819 | D:4      | Noticed a black bear
  1921 | D:4      | Reached skill level 4 in Axes
  2332 | D:4      | Killed a black bear
  2333 | D:4      | Reached skill level 5 in Axes
  2333 | D:4      | Reached XP level 5. HP: 15/47 MP: 4/4
  2598 | D:4      | Noticed an ogre
  2613 | D:4      | Killed an ogre
  2614 | D:4      | Reached skill level 5 in Fighting
  2614 | D:4      | Reached skill level 6 in Axes
  2614 | D:4      | Reached XP level 6. HP: 45/56 MP: 5/5
  2922 | D:3      | Killed Sigmund
  2923 | D:3      | Reached skill level 7 in Axes
  2923 | D:3      | Reached XP level 7. HP: 57/61 MP: 6/6
  3080 | D:3      | Noticed Jessica
  3082 | D:3      | Killed Jessica
  3083 | D:3      | Reached skill level 8 in Axes
  3180 | D:3      | Noticed Grinder
  3195 | D:3      | Killed Grinder
  3196 | D:3      | Reached skill level 9 in Axes
  3642 | D:5      | Entered Level 5 of the Dungeon
  3665 | D:5      | Noticed a steam dragon
  3775 | D:5      | Killed a steam dragon
  4009 | D:5      | Found Haasmuor's Jewellery Shop.
  4065 | D:5      | Reached skill level 10 in Axes
  4148 | D:5      | Reached XP level 8. HP: 58/68 MP: 7/7
  4447 | D:5      | Reached skill level 11 in Axes
  4965 | D:6      | Reached skill level 12 in Axes
  5003 | D:6      | Noticed Eustachio
  5059 | D:6      | Killed Eustachio
  5351 | D:6      | Reached skill level 13 in Axes
  5357 | D:6      | Reached XP level 9. HP: 59/74 MP: 8/8
  5772 | D:7      | Found a staircase to the Ecumenical Temple.
  5779 | Temple   | Entered the Ecumenical Temple
  6403 | D:7      | Reached skill level 14 in Axes
  6716 | D:8      | Noticed Pikel
  6741 | D:8      | Killed Pikel
  6742 | D:8      | Reached skill level 15 in Axes
  6786 | D:8      | Reached XP level 10. HP: 60/86 MP: 9/9
  6861 | D:8      | Noticed Prince Ribbit
  6889 | D:8      | Killed Prince Ribbit
  7688 | D:9      | Reached skill level 16 in Axes
  7801 | D:9      | Noticed a death knight
  7805 | D:9      | a death knight changed into a snapping turtle
  7969 | D:9      | Noticed a skeletal warrior
  8243 | D:9      | HP: 3/92 [freezing wraith[a death knight] (11)]
  8243 | D:9      | Slain by a freezing wraith

Illustrated notes

Levels and vault maps discovered:
D:1:      ldierk_walled_garden, layout_rooms
D:2:      layout_basic, hellmonk_ecumenical_altar_watching_god,
          kennysheep_minor_cross
D:3:      layout_loops_ring, uniq_grinder, uniq_sigmund, uniq_jessica
D:4:      layout_basic, grunt_tough_drop
D:5:      layout_basic, minmay_shop_enchanted_jewellery, minmay_crystal_room
D:6:      layout_loops_cross, minmay_checkerbox, uniq_eustachio
D:7:      layout_gridville, minmay_temple_entry_ruins, grunt_livestock
D:8:      layout_basic, grunt_ministairs_9, minmay_fire_ice_demons,
          uniq_prince_ribbit1, uniq_pikel
D:9:      layout_roguey, kennysheep_okawaru_gauntlet
Temple:   mainiacjoe_temple_trianglar_array

Skill      XL: |  1  2  3  4  5  6  7  8  9 10 |
---------------+-------------------------------+-----
Axes           | 3 5 6 7 10 13 15 16 | 16.0
Dodging        | 1 2 |  2.0
Armour         | 4 |  4.3
Shields        | 4 |  4.0
Fighting       | 4 5 7 9 |  9.6

Action                   |  1- 3 |  4- 6 |  7- 9 | 10-12 || total
-------------------------+-------+-------+-------+-------++-------
Melee: War axe           |    79 |    55 |   238 |    32 ||   404
       Headbutt          |     8 |     9 |    38 |    49 ||   104
       Whip              |       |       |    50 |   146 ||   196
Evoke: Wand              |       |       |       |     3 ||     3
  Use: Scroll            |     2 |     1 |       |     4 ||     7
       Potion            |       |     1 |       |     1 ||     2
Armor: Scale mail        |    25 |    30 |     1 |       ||    56
       Ring mail         |       |       |    71 |    24 ||    95
       Chain mail        |       |       |       |    20 ||    20
Dodge: Dodged            |    30 |    46 |    98 |    53 ||   227
Block: Buckler           |    10 |    11 |    47 |    34 ||   102
